Blackhawks vs Stars (R1)

Created - 26 avril 2015 at 21:12

Goals
1 2 3 OT1 OT2 T
Blackhawks 1 2 2 0 1 6
Stars 2 2 1 0 0 5
Shots
1 2 3 OT1 OT2 T
Blackhawks 10 7 14 6 1 38
Stars 9 15 11 8 0 43

1st period

1. Blackhawks , Chris Higgins 2 (Robert Nilsson, John Carlson) at 17:24
2. Stars , Henrik Sedin 3 (Daniel Sedin, Shane Doan) at 17:33
3. Stars , Henrik Sedin 4 (Shane Doan, Daniel Sedin) at 18:41

Penalties :
Marty Reasoner (Dal) for Holding (Minor) at 11:37

2nd period

4. Stars , Patrick Sharp 3 (John Tavares) at 3:29
5. Blackhawks , Jamie Langenbrunner 4 (Kris Versteeg, Robert Nilsson) at 4:18
6. Stars , Alexei Morozov 8 (Mark Streit, Brendan Bell) at 10:48
7. Blackhawks , Chris Higgins 3 (John Carlson) at 19:53 (PP)

Penalties :
Brendan Bell (Dal) for Delaying the game (Minor) at 8:34, George Parros (Chi) for Holding (Minor) at 12:10, George Parros (Chi) for Roughing (Minor) at 17:04, Evgeny Artyukhin (Dal) for Tripping (Minor) at 19:22

3rd period

8. Blackhawks , Scott Gomez 6 (Henrik Zetterberg, Steve Bernier) at 10:45
9. Stars , Daniel Cleary 2 (Jan Hlavac) at 15:38
10. Blackhawks , Kris Versteeg 5 (Henrik Zetterberg, Robert Nilsson) at 17:09 (PP)

Penalties :
Sheldon Keefe (Chi) for Hooking (Minor) at 4:22, Bryan Berard (Dal) for Slashing (Minor) at 6:53, Logan Couture (Chi) for Slashing (Minor) at 11:25, Mark Streit (Dal) for Hooking (Minor) at 17:06

Overtime #1

No Goal

Penalties :
Chris Campoli (Chi) for Interference (Minor) at 0:34, Robert Nilsson (Chi) for Hooking (Minor) at 4:39, Logan Couture (Chi) for Checking from behind (Major) at 14:05

Overtime #2

11. Blackhawks , Robert Nilsson 6 (Kris Versteeg) at 0:08

Penalties :
No Penalty

Goalie Stats

Roberto Luongo (Chi), 38 saves from 43 shots - (0,884), W, 6-2-0, 80:08 minutes
Pascal Leclaire (Dal), 32 saves from 38 shots - (0,842), OTL, 3-3-1, 80:08 minutes

Players Stats for Blackhawks

Player Name              G  A  P  +/- PIM S  H  SB GA TA FO     MP     PP MP  PK MP  
------------------------------------------------------------------------------------
Chris Campoli            0  0  0  -3  2   0  3  0  0  1  0/0    28:25   2:49   6:28 
Chris Higgins            2  0  2   1  0   3  0  0  0  0  0/0    18:17   2:50   2:49 
Daniel Carcillo          0  0  0  -2  0   1  0  0  1  0  0/0     9:49   0:00   0:00 
Dominic Moore            0  0  0   1  0   3  2  0  0  1  12/20  20:58   0:15   8:26 
George Parros            0  0  0   1  4   1  1  0  0  0  0/0    12:16   0:00   0:00 
Henrik Zetterberg        0  2  2   1  0   5  2  0  0  0  0/0    18:30   3:41   0:00 
Jamie Langenbrunner      1  0  1  -1  0   1  7  0  0  0  0/1    30:18   2:35   8:25 
Jeff Schultz             0  0  0  -2  0   2  1  1  0  2  0/0    28:33   0:20   9:39 
John Carlson             0  2  2   1  0   0  3  0  0  0  0/0    17:13   4:01   0:00 
Johnny Oduya             0  0  0   1  0   0  3  1  0  2  0/0    35:06   3:22   7:24 
Kris Versteeg            1  2  3  -1  0   6  3  2  0  0  1/2    26:42   3:41   3:23 
Logan Couture            0  0  0  -2  7   0  0  0  0  1  0/1    11:02   0:00   0:24 
Niclas Wallin            0  0  0   1  0   1  0  1  0  0  0/0    14:57   0:20   0:46 
Robert Nilsson           1  3  4  -1  2   6  0  0  0  0  18/32  23:17   3:41   0:25 
Scott Gomez              1  0  1   1  0   6  2  0  1  0  7/13   23:10   2:50   5:19 
Sheldon Keefe            0  0  0  -2  2   1  0  1  0  0  0/0    14:11   0:00   4:35 
Steve Bernier            0  1  1   1  0   0  1  0  0  0  0/0    14:54   0:00   0:00 
Steve McCarthy           0  0  0   0  0   2  4  2  0  1  0/0    36:02   2:10   9:29 

Players Stats for Stars

Player Name              G  A  P  +/- PIM S  H  SB GA TA FO     MP     PP MP  PK MP  
------------------------------------------------------------------------------------
Alexei Morozov           1  0  1   1  0   3  2  1  2  0  1/1    23:33   9:26   0:00 
Brendan Bell             0  1  1   1  2   1  3  0  0  0  0/0    22:43   0:36   2:17 
Bryan Berard             0  0  0   0  2   0  3  1  0  0  0/0    20:09   6:11   0:55 
Daniel Cleary            1  0  1   0  0   3  3  0  0  0  0/0    17:04   1:10   1:27 
Daniel Sedin             0  2  2   0  0   1  4  1  0  0  0/0    29:07   9:09   1:28 
Éric Belanger            0  0  0   0  0   2  4  0  0  0  8/16   20:02   0:37   3:36 
Evgeny Artyukhin         0  0  0   0  2   3  1  0  1  0  0/0    16:25   0:16   0:00 
Filip Novak              0  0  0   0  0   0  0  1  0  0  0/0    17:57   0:36   3:44 
Henrik Sedin             2  0  2   0  0   5  5  0  1  0  12/30  24:45   6:39   0:13 
Jan Hlavac               0  1  1   0  0   4  1  1  0  0  1/1    13:56   0:42   3:36 
John Tavares             0  1  1   1  0   4  3  0  0  0  9/20   24:55   9:25   1:36 
Mark Streit              0  1  1  -1  2   2  1  3  0  0  0/0    26:46   6:11   0:00 
Marty Reasoner           0  0  0   0  2   1  1  1  0  0  0/1    11:34   0:00   1:06 
Matthew Spiller          0  0  0   0  0   0  1  3  0  0  0/0    37:28  10:06   3:19 
Patrick Sharp            1  0  1   1  0   4  2  0  0  0  0/0    20:17   6:36   0:00 
Pavel Kubina             0  0  0   2  0   4  1  2  2  2  0/0    35:16  10:06   2:47 
Ryan Malone              0  0  0   0  0   1  1  2  1  0  0/0     7:43   0:00   0:00 
Shane Doan               0  2  2   0  0   5  5  1  1  0  0/0    24:24   6:39   0:00 

3 Stars

1 - Henrik Sedin (Dal)
2 - Chris Higgins (Chi)
3 - Kris Versteeg (Chi)

Power Play

Blackhawks - 2 on 5 Attempt(s) - 40,00%
Stars - 0 on 7 Attempt(s) - 0,00%

Penalty Kill

Blackhawks - 7 on 7 Attempt(s) - 100,00% - Score 0 goal in Penalty Kill
Stars - 3 on 5 Attempt(s) - 60,00% - Score 0 goal in Penalty Kill

Team Stat

Blackhawks - Hits : 32 - Faceoff Wins : 38 - Blocked Shots : 8 - Penalty Minutes : 17
Stars - Hits : 41 - Faceoff Wins : 31 - Blocked Shots : 17 - Penalty Minutes : 10

Official

Referees : LaRue Dennis and Hasenfratz Mike
Linesman : Brad Kovachik and Brian Murphy

Game Notes

Ryan Malone is injured at 16:01 of 2nd period (Bruised Left Leg)

Finance

Level 1 -- Attendance: 5811 (96,85%) -- Ticket Income 522 990 $
Level 2 -- Attendance: 5000 (100,00%) -- Ticket Income 275 000 $
Level 3 -- Attendance: 1925 (96,25%) -- Ticket Income 67 375 $
Level 4 -- Attendance: 3519 (87,98%) -- Ticket Income 87 975 $
Luxury Box -- Attendance: 1000 (100,00%) -- Ticket Income 175 000 $
Game was played at the American Airlines Center'
Total Attendance: 17255 (95,86%)
Total Ticket Income: 1 128 340 $
Other Income: 169 251 $
Total Income: 1 297 591 $

Blackhawks

5 vs 5 Forward 
   Center                   Left Wing                Right Wing               Time % Phy DF OF 
 1 Robert Nilsson           Kris Versteeg            Jamie Langenbrunner      40     1   2  2  
 2 Scott Gomez              Henrik Zetterberg        Steve Bernier            30     1   2  2  
 3 Dominic Moore            Chris Higgins            George Parros            20     1   2  2  
 4 Logan Couture            Daniel Carcillo          Sheldon Keefe            10     1   2  2  

5 vs 5 Defense 
   Defense                  Defense                                           Time % Phy DF OF 
 1 Johnny Oduya             Steve McCarthy                                    40     1   2  2  
 2 Jeff Schultz             Chris Campoli                                     30     1   2  2  
 3 John Carlson             Niclas Wallin                                     20     1   2  2  
 4 Johnny Oduya             Steve McCarthy                                    10     1   2  2  

PowerPlay Forward 
   Center                   Left Wing                Right Wing               Time % Phy DF OF 
 1 Robert Nilsson           Henrik Zetterberg        Kris Versteeg            60     1   2  2  
 2 Scott Gomez              Chris Higgins            Jamie Langenbrunner      40     1   2  2  

PowerPlay Defense
   Defense                  Defense                                           Time % Phy DF OF 
 1 Johnny Oduya             John Carlson                                      60     1   2  2  
 2 Steve McCarthy           Chris Campoli                                     40     1   2  2  

Penalty Kill 4 Players Forward 
   Center                   Wing                     Time % Phy DF OF 
 1 Dominic Moore            Jamie Langenbrunner      60     1   2  2  
 2 Scott Gomez              Sheldon Keefe            40     1   2  2  

Penalty Kill 4 Players Defense
   Defense                  Defense                  Time % Phy DF OF 
 1 Jeff Schultz             Steve McCarthy           60     1   2  2  
 2 Johnny Oduya             Chris Campoli            40     1   2  2  

Penalty Kill - 3 Players Forward 
   Forward                                           Time % Phy DF OF 
 1 Henrik Zetterberg                                 60     1   2  2  
 2 Robert Nilsson                                    40     1   2  2  

Penalty Kill - 3 Players Defense
   Defense                  Defense                  Time % Phy DF OF 
 1 Johnny Oduya             Steve McCarthy           60     1   2  2  
 2 Jeff Schultz             Chris Campoli            40     1   2  2  

4 vs 4 Forward 
   Center                   Wing                     Time % Phy DF OF 
 1 Robert Nilsson           Henrik Zetterberg        60     1   2  2  
 2 Scott Gomez              Kris Versteeg            40     1   2  2  

4 vs 4 Defense
   Defense                  Defense                  Time % Phy DF OF 
 1 Johnny Oduya             Steve McCarthy           60     1   2  2  
 2 Jeff Schultz             Chris Campoli            40     1   2  2  

Last Minutes Offensive
   Center                   Left Wing                Right Wing               Defense                  Defense                  
   Robert Nilsson           Henrik Zetterberg        Kris Versteeg            Johnny Oduya             Steve McCarthy           

Last Minutes Defensive
   Center                   Left Wing                Right Wing               Defense                  Defense                  
   Robert Nilsson           Kris Versteeg            Jamie Langenbrunner      Jeff Schultz             Steve McCarthy           

Goaltenders
Starting : Roberto Luongo           
Backup : Jocelyn Thibault         

Extra Forwards
Normal : Dominic Moore, Chris Higgins, Logan Couture - PP : Dominic Moore, Chris Higgins - PK : Kris Versteeg
Extra Defensemen
Normal : John Carlson, Niclas Wallin, Jeff Schultz - PP : John Carlson - PK : Niclas Wallin, Jeff Schultz
Penalty Shots
Henrik Zetterberg, Robert Nilsson, Kris Versteeg, George Parros, Scott Gomez

Stars

5 vs 5 Forward 
   Center                   Left Wing                Right Wing               Time % Phy DF OF 
 1 Henrik Sedin             Daniel Sedin             Shane Doan               40     1   2  2  
 2 John Tavares             Patrick Sharp            Alexei Morozov           30     1   2  2  
 3 Éric Belanger            Ryan Malone              Evgeny Artyukhin         20     1   2  2  
 4 Marty Reasoner           Jan Hlavac               Daniel Cleary            10     1   2  2  

5 vs 5 Defense 
   Defense                  Defense                                           Time % Phy DF OF 
 1 Mark Streit              Matthew Spiller                                   40     1   2  2  
 2 Pavel Kubina             Brendan Bell                                      30     1   2  2  
 3 Filip Novak              Bryan Berard                                      20     1   2  2  
 4 Pavel Kubina             Matthew Spiller                                   10     1   2  2  

PowerPlay Forward 
   Center                   Left Wing                Right Wing               Time % Phy DF OF 
 1 John Tavares             Daniel Sedin             Alexei Morozov           60     1   2  2  
 2 Henrik Sedin             Patrick Sharp            Shane Doan               40     1   2  2  

PowerPlay Defense
   Defense                  Defense                                           Time % Phy DF OF 
 1 Pavel Kubina             Matthew Spiller                                   60     1   2  2  
 2 Mark Streit              Bryan Berard                                      40     1   2  2  

Penalty Kill 4 Players Forward 
   Center                   Wing                     Time % Phy DF OF 
 1 Éric Belanger            Jan Hlavac               60     1   2  2  
 2 Marty Reasoner           Daniel Cleary            40     1   2  2  

Penalty Kill 4 Players Defense
   Defense                  Defense                  Time % Phy DF OF 
 1 Filip Novak              Matthew Spiller          60     1   2  2  
 2 Brendan Bell             Pavel Kubina             40     1   2  2  

Penalty Kill - 3 Players Forward 
   Forward                                           Time % Phy DF OF 
 1 Marty Reasoner                                    60     1   2  2  
 2 Éric Belanger                                     40     1   2  2  

Penalty Kill - 3 Players Defense
   Defense                  Defense                  Time % Phy DF OF 
 1 Brendan Bell             Matthew Spiller          60     1   2  2  
 2 Brendan Bell             Mark Streit              40     1   2  2  

4 vs 4 Forward 
   Center                   Wing                     Time % Phy DF OF 
 1 John Tavares             Patrick Sharp            60     1   2  2  
 2 Henrik Sedin             Daniel Sedin             40     1   2  2  

4 vs 4 Defense
   Defense                  Defense                  Time % Phy DF OF 
 1 Matthew Spiller          Mark Streit              60     1   2  2  
 2 Pavel Kubina             Bryan Berard             40     1   2  2  

Last Minutes Offensive
   Center                   Left Wing                Right Wing               Defense                  Defense                  
   Henrik Sedin             Patrick Sharp            Alexei Morozov           Pavel Kubina             Mark Streit              

Last Minutes Defensive
   Center                   Left Wing                Right Wing               Defense                  Defense                  
   Marty Reasoner           Jan Hlavac               Daniel Cleary            Matthew Spiller          Brendan Bell             

Goaltenders
Starting : Pascal Leclaire          
Backup : Patrick Lalime           

Extra Forwards
Normal : Daniel Cleary, Ryan Malone, Marty Reasoner - PP : Daniel Cleary, Ryan Malone - PK : Marty Reasoner
Extra Defensemen
Normal : Filip Novak, Brendan Bell, Matthew Spiller - PP : Filip Novak - PK : Brendan Bell, Matthew Spiller
Penalty Shots
Henrik Sedin, Patrick Sharp, Alexei Morozov, Daniel Sedin, Shane Doan

% Time on Ice - Blackhawks

Lines # - Real PCT - Wanted PCT - Time Play
Normal Forward
1 - 36% - 40% - 20:24
2 - 26% - 30% - 15:01
3 - 21% - 20% - 11:48
4 - 17% - 10% - 9:31
Normal Defense
1 - 40% - 40% - 22:42
2 - 33% - 30% - 18:57
3 - 23% - 20% - 13:02
4 - 4% - 10% - 2:03
PP Forward
1 - 57% - 60% - 3:41
2 - 43% - 40% - 2:50
PP Defense
1 - 67% - 60% - 4:21
2 - 33% - 40% - 2:10
PK Forward
1 - 69% - 60% - 11:34
2 - 31% - 40% - 5:19
PK Defense
1 - 56% - 60% - 9:29
2 - 44% - 40% - 7:24
PK3 Forward
1 - 0% - 60%
2 - 0% - 40%
PK3 Defense
1 - 0% - 60%
2 - 0% - 40%
44 Forward
1 - 0% - 60%
2 - 0% - 40%
44 Defense
1 - 0% - 60%
2 - 0% - 40%
Last Minute Offensive  - 0:00
Last Minute Defensive  - 0:00
Total
Forward - 80:08
Defense - 80:08

% Time on Ice - Stars

Lines # - Real PCT - Wanted PCT - Time Play
Normal Forward
1 - 32% - 40% - 17:59
2 - 25% - 30% - 13:55
3 - 28% - 20% - 16:06
4 - 15% - 10% - 8:44
Normal Defense
1 - 41% - 40% - 23:17
2 - 33% - 30% - 18:54
3 - 22% - 20% - 12:39
4 - 3% - 10% - 1:54
PP Forward
1 - 59% - 60% - 10:01
2 - 41% - 40% - 6:52
PP Defense
1 - 63% - 60% - 10:42
2 - 37% - 40% - 6:11
PK Forward
1 - 78% - 60% - 5:04
2 - 22% - 40% - 1:27
PK Defense
1 - 57% - 60% - 3:44
2 - 43% - 40% - 2:47
PK3 Forward
1 - 0% - 60%
2 - 0% - 40%
PK3 Defense
1 - 0% - 60%
2 - 0% - 40%
44 Forward
1 - 0% - 60%
2 - 0% - 40%
44 Defense
1 - 0% - 60%
2 - 0% - 40%
Last Minute Offensive  - 0:00
Last Minute Defensive  - 0:00
Total
Forward - 80:08
Defense - 80:08

Play by Play

1st period


0:01 of 1st period - Robert Nilsson wins face-off versus Henrik Sedin in neutral zone.
0:26 of 1st period - Henrik Zetterberg is hit by Patrick Sharp.
0:55 of 1st period - Éric Belanger is hit by Dominic Moore and loses puck.
1:10 of 1st period - Snap shot by Mark Streit.
1:10 of 1st period - Stopped by Roberto Luongo with a rebound.
1:12 of 1st period - Wrist shot by Jan Hlavac.
1:12 of 1st period - Stopped by Roberto Luongo without a rebound.
1:13 of 1st period - Henrik Sedin wins face-off versus Robert Nilsson in Blackhawks zone.
1:22 of 1st period - Wrist shot by Kris Versteeg.
1:22 of 1st period - Stopped by Pascal Leclaire with a rebound.
1:24 of 1st period - Slapshot by Steve McCarthy.
1:24 of 1st period - Shot Blocked by Pavel Kubina.
1:26 of 1st period - Slapshot by Steve McCarthy.
1:26 of 1st period - Stopped by Pascal Leclaire without a rebound.
1:27 of 1st period - Scott Gomez wins face-off versus John Tavares in Stars zone.
1:54 of 1st period - Jamie Langenbrunner is hit by Shane Doan and loses puck.
2:13 of 1st period - Snap shot by Ryan Malone.
2:13 of 1st period - Shot Blocked by Johnny Oduya.
2:33 of 1st period - Logan Couture is hit by Daniel Cleary.
3:00 of 1st period - Patrick Sharp is hit by Chris Campoli and loses puck.
4:02 of 1st period - Jeff Schultz is hit by Daniel Cleary and loses puck.
4:17 of 1st period - Scott Gomez is hit by Brendan Bell and loses puck.
4:41 of 1st period - Wrist shot by Scott Gomez.
4:41 of 1st period - Stopped by Pascal Leclaire without a rebound.
4:42 of 1st period - Robert Nilsson wins face-off versus Henrik Sedin in Stars zone.
4:57 of 1st period - Slapshot by Kris Versteeg.
4:57 of 1st period - Shot Blocked by Daniel Sedin.
5:48 of 1st period - Slapshot by Pavel Kubina.
5:48 of 1st period - Shot Blocked by Niclas Wallin.
6:08 of 1st period - Niclas Wallin is hit by Brendan Bell and loses puck.
6:37 of 1st period - Slapshot by Chris Higgins.
6:37 of 1st period - Stopped by Pascal Leclaire with a rebound.
7:27 of 1st period - Pavel Kubina is hit by Dominic Moore.
7:31 of 1st period - Wrist shot by George Parros.
7:31 of 1st period - Shot Misses the Net.
7:33 of 1st period - Slapshot by Jeff Schultz.
7:33 of 1st period - Shot Misses the Net.
7:56 of 1st period - Wrist shot by John Tavares.
7:56 of 1st period - Shot Misses the Net.
9:14 of 1st period - Wrist shot by Scott Gomez.
9:14 of 1st period - Stopped by Pascal Leclaire with a rebound.
9:16 of 1st period - Slapshot by Jeff Schultz.
9:16 of 1st period - Stopped by Pascal Leclaire with a rebound.
9:31 of 1st period - Evgeny Artyukhin is hit by Johnny Oduya and loses puck.
9:51 of 1st period - Matthew Spiller is hit by Jamie Langenbrunner and loses puck.
10:25 of 1st period - Patrick Sharp is hit by George Parros and loses puck.
10:42 of 1st period - Sheldon Keefe is hit by Éric Belanger and loses puck.
11:04 of 1st period - Wrist shot by Robert Nilsson.
11:04 of 1st period - Stopped by Pascal Leclaire with a rebound.
11:10 of 1st period - Steve McCarthy is hit by Daniel Sedin and loses puck.
11:37 of 1st period - Minor Penalty to Marty Reasoner for Holding.
11:38 of 1st period - Robert Nilsson wins face-off versus Éric Belanger in Stars zone.
11:53 of 1st period - Wrist shot by Kris Versteeg.
11:53 of 1st period - Stopped by Pascal Leclaire with a rebound.
12:15 of 1st period - Brendan Bell is hit by Jamie Langenbrunner and loses puck.
12:49 of 1st period - Jamie Langenbrunner is hit by Daniel Sedin and loses puck.
13:37 of 1st period - Penalty to Marty Reasoner is over, Marty Reasoner is back on ice.
16:55 of 1st period - Bryan Berard is hit by Scott Gomez and loses puck.
17:10 of 1st period - Wrist shot by Henrik Sedin.
17:10 of 1st period - Stopped by Roberto Luongo with a rebound.
17:12 of 1st period - Slapshot by Henrik Sedin.
17:12 of 1st period - Stopped by Roberto Luongo with a rebound.
17:14 of 1st period - Slapshot by Filip Novak.
17:14 of 1st period - Shot Blocked by Kris Versteeg.
17:24 of 1st period - Snap shot by Chris Higgins.
17:24 of 1st period - Goal by Chris Higgins - Blackhawks : 1 - Stars : 0.
17:25 of 1st period - Robert Nilsson wins face-off versus Henrik Sedin in neutral zone.
17:33 of 1st period - Slapshot by Henrik Sedin.
17:33 of 1st period - Goal by Henrik Sedin - Blackhawks : 1 - Stars : 1.
17:34 of 1st period - Henrik Sedin wins face-off versus Robert Nilsson in neutral zone.
17:39 of 1st period - Wrist shot by Henrik Sedin.
17:39 of 1st period - Shot Misses the Net.
17:41 of 1st period - Wrist shot by Shane Doan.
17:41 of 1st period - Deflect By Jamie Langenbrunner.
17:41 of 1st period - Shot Misses the Net.
17:41 of 1st period - Puck is out of play.
17:42 of 1st period - Henrik Sedin wins face-off versus Robert Nilsson in Blackhawks zone.
17:43 of 1st period - Slapshot by Shane Doan.
17:43 of 1st period - Stopped by Roberto Luongo without a rebound.
17:44 of 1st period - Robert Nilsson wins face-off versus Henrik Sedin in Blackhawks zone.
18:09 of 1st period - Snap shot by Kris Versteeg.
18:09 of 1st period - Stopped by Pascal Leclaire with a rebound.
18:17 of 1st period - Snap shot by Shane Doan.
18:17 of 1st period - Shot Misses the Net.
18:19 of 1st period - Wrist shot by Pavel Kubina.
18:19 of 1st period - Stopped by Roberto Luongo with a rebound.
18:39 of 1st period - Snap shot by Shane Doan.
18:39 of 1st period - Stopped by Roberto Luongo with a rebound.
18:41 of 1st period - Wrist shot by Henrik Sedin.
18:41 of 1st period - Goal by Henrik Sedin - Blackhawks : 1 - Stars : 2.
18:42 of 1st period - John Tavares wins face-off versus Scott Gomez in neutral zone.
18:49 of 1st period - Slapshot by Alexei Morozov.
18:49 of 1st period - Shot Misses the Net.
19:09 of 1st period - Chris Higgins is hit by Bryan Berard and loses puck.
19:35 of 1st period - Logan Couture is hit by Éric Belanger.
19:38 of 1st period - Daniel Carcillo is hit by Mark Streit and loses puck.
19:51 of 1st period - Snap shot by Shane Doan.
19:51 of 1st period - Deflect By Henrik Sedin.
19:51 of 1st period - Shot Misses the Net.
19:51 of 1st period - Puck is out of play.
19:52 of 1st period - Henrik Sedin wins face-off versus Robert Nilsson in Blackhawks zone.
Goals for this period are 1 for Blackhawks vs 2 for Stars.
Shots for this period are 10 for Blackhawks vs 9 for Stars.

2nd period


0:01 of 2nd period - Robert Nilsson wins face-off versus Henrik Sedin in neutral zone.
1:37 of 2nd period - Chris Campoli is hit by Brendan Bell.
1:51 of 2nd period - Wrist shot by John Tavares.
1:51 of 2nd period - Stopped by Roberto Luongo with a rebound.
1:53 of 2nd period - Wrist shot by Patrick Sharp.
1:53 of 2nd period - Stopped by Roberto Luongo with a rebound.
1:55 of 2nd period - Wrist shot by Patrick Sharp.
1:55 of 2nd period - Stopped by Roberto Luongo without a rebound.
1:56 of 2nd period - Henrik Sedin wins face-off versus Robert Nilsson in Blackhawks zone.
2:03 of 2nd period - Slapshot by Shane Doan.
2:03 of 2nd period - Stopped by Roberto Luongo with a rebound.
2:13 of 2nd period - Wrist shot by Jamie Langenbrunner.
2:13 of 2nd period - Shot Misses the Net.
2:23 of 2nd period - Henrik Zetterberg is hit by Alexei Morozov and loses puck.
2:50 of 2nd period - Wrist shot by Dominic Moore.
2:50 of 2nd period - Shot Blocked by Mark Streit.
2:52 of 2nd period - Wrist shot by Niclas Wallin.
2:52 of 2nd period - Shot Misses the Net.
2:54 of 2nd period - Snap shot by Niclas Wallin.
2:54 of 2nd period - Shot Blocked by Ryan Malone.
2:56 of 2nd period - Snap shot by Dominic Moore.
2:56 of 2nd period - Shot Misses the Net.
3:03 of 2nd period - Icing by Mark Streit.
3:04 of 2nd period - Éric Belanger wins face-off versus Logan Couture in Stars zone.
3:29 of 2nd period - Snap shot by Patrick Sharp.
3:29 of 2nd period - Goal by Patrick Sharp - Blackhawks : 1 - Stars : 3.
3:30 of 2nd period - Henrik Sedin wins face-off versus Robert Nilsson in neutral zone.
3:45 of 2nd period - Slapshot by Henrik Sedin.
3:45 of 2nd period - Deflect By Jamie Langenbrunner.
3:45 of 2nd period - Shot Misses the Net.
3:45 of 2nd period - Puck is out of play.
3:46 of 2nd period - Scott Gomez wins face-off versus John Tavares in Blackhawks zone.
4:18 of 2nd period - Slapshot by Jamie Langenbrunner.
4:18 of 2nd period - Goal by Jamie Langenbrunner - Blackhawks : 2 - Stars : 3.
4:19 of 2nd period - Henrik Sedin wins face-off versus Robert Nilsson in neutral zone.
4:22 of 2nd period - Slapshot by Daniel Sedin.
4:22 of 2nd period - Shot Misses the Net.
4:30 of 2nd period - Snap shot by Robert Nilsson.
4:30 of 2nd period - Stopped by Pascal Leclaire without a rebound.
4:31 of 2nd period - Robert Nilsson wins face-off versus Henrik Sedin in Stars zone.
5:44 of 2nd period - Wrist shot by Robert Nilsson.
5:44 of 2nd period - Shot Misses the Net.
5:46 of 2nd period - Wrist shot by Robert Nilsson.
5:46 of 2nd period - Deflect By Jamie Langenbrunner.
5:46 of 2nd period - Shot Blocked by Jan Hlavac.
5:46 of 2nd period - Puck is out of play.
5:47 of 2nd period - Robert Nilsson wins face-off versus Marty Reasoner in Stars zone.
5:48 of 2nd period - Snap shot by Jamie Langenbrunner.
5:48 of 2nd period - Shot Misses the Net.
6:02 of 2nd period - Snap shot by Daniel Cleary.
6:02 of 2nd period - Shot Blocked by Kris Versteeg.
6:04 of 2nd period - Slapshot by Brendan Bell.
6:04 of 2nd period - Stopped by Roberto Luongo without a rebound.
6:05 of 2nd period - Scott Gomez wins face-off versus Henrik Sedin in Blackhawks zone.
6:18 of 2nd period - Snap shot by Scott Gomez.
6:18 of 2nd period - Stopped by Pascal Leclaire with a rebound.
6:30 of 2nd period - Kris Versteeg is hit by John Tavares.
6:34 of 2nd period - Brendan Bell is hit by Steve McCarthy.
6:38 of 2nd period - Johnny Oduya is hit by Patrick Sharp and loses puck.
6:57 of 2nd period - Icing by Steve McCarthy.
6:58 of 2nd period - Dominic Moore wins face-off versus Éric Belanger in Blackhawks zone.
6:58 of 2nd period - Dominic Moore is hit by Éric Belanger.
7:12 of 2nd period - Snap shot by Ryan Malone.
7:12 of 2nd period - Stopped by Roberto Luongo with a rebound.
7:49 of 2nd period - Slapshot by Evgeny Artyukhin.
7:49 of 2nd period - Stopped by Roberto Luongo with a rebound.
7:51 of 2nd period - Slapshot by Evgeny Artyukhin.
7:51 of 2nd period - Stopped by Roberto Luongo with a rebound.
7:53 of 2nd period - Snap shot by Éric Belanger.
7:53 of 2nd period - Stopped by Roberto Luongo without a rebound.
7:54 of 2nd period - Robert Nilsson wins face-off versus Henrik Sedin in Blackhawks zone.
8:07 of 2nd period - Jeff Schultz is hit by Daniel Sedin and loses puck.
8:34 of 2nd period - Minor Penalty to Brendan Bell for Delaying the game.
8:35 of 2nd period - Scott Gomez wins face-off versus Éric Belanger in Stars zone.
9:13 of 2nd period - Marty Reasoner is hit by John Carlson and loses puck.
9:35 of 2nd period - Daniel Sedin is hit by Jamie Langenbrunner.
10:34 of 2nd period - Penalty to Brendan Bell is over, Brendan Bell is back on ice.
10:48 of 2nd period - Snap shot by Alexei Morozov.
10:48 of 2nd period - Goal by Alexei Morozov - Blackhawks : 2 - Stars : 4.
10:49 of 2nd period - Dominic Moore wins face-off versus Henrik Sedin in neutral zone.
10:54 of 2nd period - Slapshot by John Carlson.
10:54 of 2nd period - Shot Blocked by Shane Doan.
10:56 of 2nd period - Snap shot by Dominic Moore.
10:56 of 2nd period - Shot Misses the Net.
10:58 of 2nd period - Wrist shot by Dominic Moore.
10:58 of 2nd period - Stopped by Pascal Leclaire with a rebound.
11:00 of 2nd period - Snap shot by Dominic Moore.
11:00 of 2nd period - Deflect By Henrik Sedin.
11:00 of 2nd period - Stopped by Pascal Leclaire without a rebound.
11:01 of 2nd period - Kris Versteeg wins face-off versus Henrik Sedin in Stars zone.
11:26 of 2nd period - Matthew Spiller is hit by Henrik Zetterberg.
11:47 of 2nd period - Icing by Bryan Berard.
11:48 of 2nd period - Dominic Moore wins face-off versus Éric Belanger in Stars zone.
11:55 of 2nd period - Wrist shot by Evgeny Artyukhin.
11:55 of 2nd period - Shot Misses the Net.
12:10 of 2nd period - Minor Penalty to George Parros for Holding.
12:11 of 2nd period - Alexei Morozov wins face-off versus Dominic Moore in Blackhawks zone.
12:27 of 2nd period - Wrist shot by Dominic Moore.
12:27 of 2nd period - Shot Misses the Net.
12:37 of 2nd period - Dominic Moore is hit by Henrik Sedin and loses puck.
14:05 of 2nd period - Patrick Sharp is hit by Chris Campoli and loses puck.
14:10 of 2nd period - Penalty to George Parros is over, George Parros is back on ice.
14:56 of 2nd period - Kris Versteeg is hit by Ryan Malone and loses puck.
16:01 of 2nd period - Snap shot by Scott Gomez.
16:01 of 2nd period - Shot Blocked by Ryan Malone.
16:01 of 2nd period - Ryan Malone from Stars is injured at 16:01 of 2nd period (Bruised Left Leg).
16:02 of 2nd period - Robert Nilsson wins face-off versus Henrik Sedin in Stars zone.
16:29 of 2nd period - Patrick Sharp is hit by Steve McCarthy and loses puck.
16:58 of 2nd period - Snap shot by Éric Belanger.
16:58 of 2nd period - Shot Hit the Post.
17:04 of 2nd period - Minor Penalty to George Parros for Roughing.
17:05 of 2nd period - John Tavares wins face-off versus Dominic Moore in Blackhawks zone.
17:08 of 2nd period - Backhand shot by John Tavares.
17:08 of 2nd period - Deflect By Alexei Morozov.
17:08 of 2nd period - Shot Misses the Net.
17:08 of 2nd period - Puck is out of play.
17:09 of 2nd period - John Tavares wins face-off versus Dominic Moore in Blackhawks zone.
17:12 of 2nd period - Wrist shot by John Tavares.
17:12 of 2nd period - Stopped by Roberto Luongo with a rebound.
17:14 of 2nd period - Snap shot by John Tavares.
17:14 of 2nd period - Stopped by Roberto Luongo without a rebound.
17:15 of 2nd period - Dominic Moore wins face-off versus John Tavares in Blackhawks zone.
17:49 of 2nd period - Snap shot by John Tavares.
17:49 of 2nd period - Shot Misses the Net.
19:00 of 2nd period - Slapshot by Alexei Morozov.
19:00 of 2nd period - Shot Blocked by Steve McCarthy.
19:04 of 2nd period - Penalty to George Parros is over, George Parros is back on ice.
19:08 of 2nd period - Snap shot by John Tavares.
19:08 of 2nd period - Stopped by Roberto Luongo with a rebound.
19:10 of 2nd period - Wrist shot by Daniel Sedin.
19:10 of 2nd period - Stopped by Roberto Luongo without a rebound.
19:11 of 2nd period - Scott Gomez wins face-off versus Éric Belanger in Blackhawks zone.
19:11 of 2nd period - Scott Gomez is hit by Evgeny Artyukhin.
19:19 of 2nd period - Wrist shot by Henrik Zetterberg.
19:19 of 2nd period - Stopped by Pascal Leclaire without a rebound.
19:20 of 2nd period - Éric Belanger wins face-off versus Scott Gomez in Stars zone.
19:22 of 2nd period - Minor Penalty to Evgeny Artyukhin for Tripping.
19:23 of 2nd period - Robert Nilsson wins face-off versus Éric Belanger in Stars zone.
19:53 of 2nd period - Slapshot by Chris Higgins.
19:53 of 2nd period - Goal by Chris Higgins - Blackhawks : 3 - Stars : 4.
19:54 of 2nd period - Éric Belanger wins face-off versus Robert Nilsson in neutral zone.
19:58 of 2nd period - Mark Streit is hit by Johnny Oduya.
Goals for this period are 2 for Blackhawks vs 2 for Stars.
Shots for this period are 7 for Blackhawks vs 15 for Stars.

3rd period


0:01 of 3rd period - Robert Nilsson wins face-off versus Henrik Sedin in neutral zone.
0:30 of 3rd period - Snap shot by Alexei Morozov.
0:30 of 3rd period - Stopped by Roberto Luongo with a rebound.
0:40 of 3rd period - Snap shot by Henrik Zetterberg.
0:40 of 3rd period - Stopped by Pascal Leclaire without a rebound.
0:41 of 3rd period - Éric Belanger wins face-off versus Dominic Moore in Stars zone.
1:32 of 3rd period - John Tavares is hit by Steve Bernier and loses puck.
1:53 of 3rd period - Snap shot by Jan Hlavac.
1:53 of 3rd period - Stopped by Roberto Luongo without a rebound.
1:54 of 3rd period - Henrik Sedin wins face-off versus Robert Nilsson in Blackhawks zone.
1:55 of 3rd period - Slapshot by Shane Doan.
1:55 of 3rd period - Stopped by Roberto Luongo with a rebound.
1:57 of 3rd period - Slapshot by Matthew Spiller.
1:57 of 3rd period - Shot Blocked by Steve McCarthy.
2:05 of 3rd period - Kris Versteeg is hit by Shane Doan and loses puck.
2:11 of 3rd period - Icing by Steve McCarthy.
2:12 of 3rd period - Robert Nilsson wins face-off versus John Tavares in Blackhawks zone.
2:17 of 3rd period - Slapshot by Steve McCarthy.
2:17 of 3rd period - Shot Blocked by Matthew Spiller.
2:19 of 3rd period - Slapshot by Steve McCarthy.
2:19 of 3rd period - Shot Blocked by Matthew Spiller.
2:21 of 3rd period - Slapshot by Steve McCarthy.
2:21 of 3rd period - Stopped by Pascal Leclaire without a rebound.
2:22 of 3rd period - John Tavares wins face-off versus Robert Nilsson in Stars zone.
2:57 of 3rd period - Scott Gomez is hit by Shane Doan and loses puck.
3:02 of 3rd period - Slapshot by Henrik Sedin.
3:02 of 3rd period - Stopped by Roberto Luongo with a rebound.
3:04 of 3rd period - Snap shot by Mark Streit.
3:04 of 3rd period - Stopped by Roberto Luongo without a rebound.
3:05 of 3rd period - Robert Nilsson wins face-off versus Éric Belanger in Blackhawks zone.
3:32 of 3rd period - Shane Doan is hit by Jeff Schultz and loses puck.
4:22 of 3rd period - Minor Penalty to Sheldon Keefe for Hooking.
4:23 of 3rd period - Dominic Moore wins face-off versus John Tavares in Blackhawks zone.
4:56 of 3rd period - Wrist shot by Pavel Kubina.
4:56 of 3rd period - Deflect By Steve McCarthy.
4:56 of 3rd period - Stopped by Roberto Luongo with a rebound.
5:14 of 3rd period - Mark Streit is hit by Chris Campoli and loses puck.
6:22 of 3rd period - Penalty to Sheldon Keefe is over, Sheldon Keefe is back on ice.
6:53 of 3rd period - Minor Penalty to Bryan Berard for Slashing.
6:54 of 3rd period - Jan Hlavac wins face-off versus Kris Versteeg in Stars zone.
7:21 of 3rd period - Filip Novak is hit by Jamie Langenbrunner and loses puck.
7:26 of 3rd period - Snap shot by Scott Gomez.
7:26 of 3rd period - Shot Blocked by Filip Novak.
7:28 of 3rd period - Slapshot by Chris Campoli.
7:28 of 3rd period - Deflect By Scott Gomez.
7:28 of 3rd period - Stopped by Pascal Leclaire without a rebound.
7:29 of 3rd period - Éric Belanger wins face-off versus Robert Nilsson in Stars zone.
7:58 of 3rd period - Slapshot by Steve McCarthy.
7:58 of 3rd period - Shot Blocked by Marty Reasoner.
8:30 of 3rd period - Daniel Sedin is hit by John Carlson and loses puck.
8:53 of 3rd period - Penalty to Bryan Berard is over, Bryan Berard is back on ice.
8:59 of 3rd period - Slapshot by Henrik Sedin.
8:59 of 3rd period - Shot Misses the Net.
9:17 of 3rd period - Icing by Brendan Bell.
9:18 of 3rd period - Dominic Moore wins face-off versus John Tavares in Stars zone.
9:49 of 3rd period - Wrist shot by Niclas Wallin.
9:49 of 3rd period - Stopped by Pascal Leclaire with a rebound.
9:51 of 3rd period - Snap shot by Johnny Oduya.
9:51 of 3rd period - Deflect By Robert Nilsson.
9:51 of 3rd period - Shot Misses the Net.
9:51 of 3rd period - Puck is out of play.
9:52 of 3rd period - Scott Gomez wins face-off versus Henrik Sedin in Stars zone.
9:53 of 3rd period - Snap shot by Henrik Zetterberg.
9:53 of 3rd period - Stopped by Pascal Leclaire with a rebound.
10:05 of 3rd period - Snap shot by Henrik Zetterberg.
10:05 of 3rd period - Shot Misses the Net.
10:21 of 3rd period - Wrist shot by Evgeny Artyukhin.
10:21 of 3rd period - Shot Misses the Net.
10:45 of 3rd period - Wrist shot by Scott Gomez.
10:45 of 3rd period - Goal by Scott Gomez - Blackhawks : 4 - Stars : 4.
10:46 of 3rd period - Robert Nilsson wins face-off versus Henrik Sedin in neutral zone.
10:49 of 3rd period - Slapshot by Chris Campoli.
10:49 of 3rd period - Shot Misses the Net.
10:51 of 3rd period - Slapshot by Kris Versteeg.
10:51 of 3rd period - Shot Misses the Net.
10:53 of 3rd period - Slapshot by Jeff Schultz.
10:53 of 3rd period - Stopped by Pascal Leclaire with a rebound.
11:03 of 3rd period - Wrist shot by Robert Nilsson.
11:03 of 3rd period - Shot Blocked by Mark Streit.
11:25 of 3rd period - Minor Penalty to Logan Couture for Slashing.
11:26 of 3rd period - Dominic Moore wins face-off versus John Tavares in Blackhawks zone.
11:48 of 3rd period - Matthew Spiller is hit by Jamie Langenbrunner and loses puck.
12:01 of 3rd period - Snap shot by Alexei Morozov.
12:01 of 3rd period - Shot Misses the Net.
12:03 of 3rd period - Snap shot by Pavel Kubina.
12:03 of 3rd period - Stopped by Roberto Luongo with a rebound.
12:21 of 3rd period - Wrist shot by Daniel Sedin.
12:21 of 3rd period - Shot Blocked by Sheldon Keefe.
12:23 of 3rd period - Slapshot by Matthew Spiller.
12:23 of 3rd period - Shot Misses the Net.
12:25 of 3rd period - Slapshot by Matthew Spiller.
12:25 of 3rd period - Deflect By Alexei Morozov.
12:25 of 3rd period - Shot Misses the Net.
12:25 of 3rd period - Puck is out of play.
12:26 of 3rd period - Dominic Moore wins face-off versus Henrik Sedin in Blackhawks zone.
13:25 of 3rd period - Penalty to Logan Couture is over, Logan Couture is back on ice.
14:10 of 3rd period - Wrist shot by Daniel Carcillo.
14:10 of 3rd period - Stopped by Pascal Leclaire without a rebound.
14:11 of 3rd period - Éric Belanger wins face-off versus Scott Gomez in Stars zone.
14:59 of 3rd period - Brendan Bell is hit by Jamie Langenbrunner and loses puck.
15:08 of 3rd period - Slapshot by Alexei Morozov.
15:08 of 3rd period - Shot Misses the Net.
15:20 of 3rd period - Snap shot by Henrik Zetterberg.
15:20 of 3rd period - Stopped by Pascal Leclaire with a rebound.
15:38 of 3rd period - Snap shot by Daniel Cleary.
15:38 of 3rd period - Goal by Daniel Cleary - Blackhawks : 4 - Stars : 5.
15:39 of 3rd period - Henrik Sedin wins face-off versus Dominic Moore in neutral zone.
15:52 of 3rd period - Snap shot by Shane Doan.
15:52 of 3rd period - Stopped by Roberto Luongo with a rebound.
16:53 of 3rd period - Snap shot by Daniel Sedin.
16:53 of 3rd period - Shot Misses the Net.
17:06 of 3rd period - Minor Penalty to Mark Streit for Hooking.
17:07 of 3rd period - Robert Nilsson wins face-off versus Éric Belanger in Stars zone.
17:09 of 3rd period - Snap shot by Kris Versteeg.
17:09 of 3rd period - Goal by Kris Versteeg - Blackhawks : 5 - Stars : 5.
17:10 of 3rd period - Dominic Moore wins face-off versus Henrik Sedin in neutral zone.
17:24 of 3rd period - Off-side.
17:25 of 3rd period - Éric Belanger wins face-off versus Robert Nilsson in neutral zone.
17:34 of 3rd period - Wrist shot by Evgeny Artyukhin.
17:34 of 3rd period - Stopped by Roberto Luongo without a rebound.
17:35 of 3rd period - Éric Belanger wins face-off versus Robert Nilsson in Blackhawks zone.
17:45 of 3rd period - Wrist shot by Kris Versteeg.
17:45 of 3rd period - Shot Misses the Net.
17:47 of 3rd period - Snap shot by Robert Nilsson.
17:47 of 3rd period - Stopped by Pascal Leclaire with a rebound.
17:49 of 3rd period - Slapshot by Steve McCarthy.
17:49 of 3rd period - Shot Misses the Net.
18:09 of 3rd period - Slapshot by Robert Nilsson.
18:09 of 3rd period - Stopped by Pascal Leclaire with a rebound.
18:11 of 3rd period - Backhand shot by Kris Versteeg.
18:11 of 3rd period - Stopped by Pascal Leclaire with a rebound.
18:57 of 3rd period - Snap shot by Éric Belanger.
18:57 of 3rd period - Stopped by Roberto Luongo with a rebound.
19:11 of 3rd period - Snap shot by Robert Nilsson.
19:11 of 3rd period - Shot Blocked by Pavel Kubina.
19:13 of 3rd period - Wrist shot by Robert Nilsson.
19:13 of 3rd period - Stopped by Pascal Leclaire without a rebound.
19:14 of 3rd period - Dominic Moore wins face-off versus John Tavares in Stars zone.
19:21 of 3rd period - Snap shot by Chris Higgins.
19:21 of 3rd period - Shot Blocked by Alexei Morozov.
19:29 of 3rd period - Chris Higgins is hit by John Tavares and loses puck.
Goals for this period are 2 for Blackhawks vs 1 for Stars.
Shots for this period are 14 for Blackhawks vs 11 for Stars.

Overtime #1


0:01 of 1st overtime period - Robert Nilsson wins face-off versus Henrik Sedin in neutral zone.
0:06 of 1st overtime period - Daniel Sedin is hit by Steve McCarthy and loses puck.
0:29 of 1st overtime period - Icing by Mark Streit.
0:30 of 1st overtime period - John Tavares wins face-off versus Scott Gomez in Stars zone.
0:34 of 1st overtime period - Minor Penalty to Chris Campoli for Interference.
0:35 of 1st overtime period - John Tavares wins face-off versus Dominic Moore in Blackhawks zone.
0:35 of 1st overtime period - Snap shot by Alexei Morozov.
0:35 of 1st overtime period - Stopped by Roberto Luongo without a rebound.
0:36 of 1st overtime period - Dominic Moore wins face-off versus John Tavares in Blackhawks zone.
0:52 of 1st overtime period - Snap shot by John Tavares.
0:52 of 1st overtime period - Shot Misses the Net.
1:43 of 1st overtime period - John Tavares is hit by Jamie Langenbrunner and loses puck.
1:54 of 1st overtime period - Sheldon Keefe is hit by Shane Doan and loses puck.
2:34 of 1st overtime period - Penalty to Chris Campoli is over, Chris Campoli is back on ice.
2:40 of 1st overtime period - Henrik Zetterberg is hit by Marty Reasoner and loses puck.
3:31 of 1st overtime period - Jamie Langenbrunner is hit by Jan Hlavac and loses puck.
4:12 of 1st overtime period - Wrist shot by Daniel Cleary.
4:12 of 1st overtime period - Stopped by Roberto Luongo with a rebound.
4:14 of 1st overtime period - Snap shot by Jan Hlavac.
4:14 of 1st overtime period - Stopped by Roberto Luongo with a rebound.
4:16 of 1st overtime period - Slapshot by Jan Hlavac.
4:16 of 1st overtime period - Shot Misses the Net.
4:18 of 1st overtime period - Slapshot by Pavel Kubina.
4:18 of 1st overtime period - Stopped by Roberto Luongo with a rebound.
4:20 of 1st overtime period - Snap shot by Jan Hlavac.
4:20 of 1st overtime period - Stopped by Roberto Luongo with a rebound.
4:22 of 1st overtime period - Snap shot by Marty Reasoner.
4:22 of 1st overtime period - Stopped by Roberto Luongo with a rebound.
4:30 of 1st overtime period - Wrist shot by Daniel Cleary.
4:30 of 1st overtime period - Stopped by Roberto Luongo with a rebound.
4:32 of 1st overtime period - Snap shot by Pavel Kubina.
4:32 of 1st overtime period - Deflect By Marty Reasoner.
4:32 of 1st overtime period - Shot Blocked by Jeff Schultz.
4:32 of 1st overtime period - Puck is out of play.
4:33 of 1st overtime period - Henrik Sedin wins face-off versus Robert Nilsson in Blackhawks zone.
4:39 of 1st overtime period - Minor Penalty to Robert Nilsson for Hooking.
4:40 of 1st overtime period - Dominic Moore wins face-off versus John Tavares in Blackhawks zone.
5:54 of 1st overtime period - Wrist shot by Scott Gomez.
5:54 of 1st overtime period - Stopped by Pascal Leclaire without a rebound.
5:55 of 1st overtime period - Scott Gomez wins face-off versus John Tavares in Stars zone.
6:19 of 1st overtime period - Dominic Moore is hit by Henrik Sedin and loses puck.
6:39 of 1st overtime period - Penalty to Robert Nilsson is over, Robert Nilsson is back on ice.
6:48 of 1st overtime period - Johnny Oduya is hit by Éric Belanger and loses puck.
7:21 of 1st overtime period - Henrik Sedin is hit by Johnny Oduya and loses puck.
7:37 of 1st overtime period - Slapshot by Niclas Wallin.
7:37 of 1st overtime period - Shot Misses the Net.
7:39 of 1st overtime period - Slapshot by Robert Nilsson.
7:39 of 1st overtime period - Shot Blocked by Bryan Berard.
7:41 of 1st overtime period - Snap shot by Jamie Langenbrunner.
7:41 of 1st overtime period - Shot Misses the Net.
7:55 of 1st overtime period - Filip Novak is hit by John Carlson and loses puck.
8:37 of 1st overtime period - Jamie Langenbrunner is hit by Daniel Sedin.
8:43 of 1st overtime period - Robert Nilsson is hit by Henrik Sedin and loses puck.
8:54 of 1st overtime period - Daniel Sedin is hit by Steve McCarthy.
9:03 of 1st overtime period - Henrik Sedin is hit by Kris Versteeg and loses puck.
9:26 of 1st overtime period - Jamie Langenbrunner is hit by Henrik Sedin and loses puck.
9:33 of 1st overtime period - Henrik Sedin is hit by Kris Versteeg.
9:37 of 1st overtime period - Jeff Schultz is hit by Henrik Sedin and loses puck.
9:44 of 1st overtime period - Shane Doan is hit by Kris Versteeg and loses puck.
9:51 of 1st overtime period - Kris Versteeg is hit by Bryan Berard and loses puck.
10:12 of 1st overtime period - Niclas Wallin is hit by Bryan Berard and loses puck.
10:18 of 1st overtime period - Off-side.
10:19 of 1st overtime period - John Tavares wins face-off versus Scott Gomez in neutral zone.
10:44 of 1st overtime period - Scott Gomez is hit by Pavel Kubina and loses puck.
10:57 of 1st overtime period - Snap shot by Henrik Zetterberg.
10:57 of 1st overtime period - Stopped by Pascal Leclaire without a rebound.
10:58 of 1st overtime period - John Tavares wins face-off versus Dominic Moore in Stars zone.
11:09 of 1st overtime period - Snap shot by Dominic Moore.
11:09 of 1st overtime period - Stopped by Pascal Leclaire with a rebound.
11:11 of 1st overtime period - Wrist shot by Dominic Moore.
11:11 of 1st overtime period - Shot Blocked by Matthew Spiller.
11:13 of 1st overtime period - Slapshot by Dominic Moore.
11:13 of 1st overtime period - Deflect By George Parros.
11:13 of 1st overtime period - Stopped by Pascal Leclaire with a rebound.
11:23 of 1st overtime period - Logan Couture is hit by Daniel Cleary and loses puck.
11:44 of 1st overtime period - Jan Hlavac is hit by Henrik Zetterberg and loses puck.
14:05 of 1st overtime period - Major Penalty to Logan Couture for Checking from behind.
14:06 of 1st overtime period - Henrik Sedin wins face-off versus Dominic Moore in Blackhawks zone.
14:13 of 1st overtime period - Slapshot by Patrick Sharp.
14:13 of 1st overtime period - Stopped by Roberto Luongo with a rebound.
14:29 of 1st overtime period - Dominic Moore is hit by Matthew Spiller.
14:51 of 1st overtime period - Snap shot by Scott Gomez.
14:51 of 1st overtime period - Deflect By Sheldon Keefe.
14:51 of 1st overtime period - Stopped by Pascal Leclaire without a rebound.
14:52 of 1st overtime period - John Tavares wins face-off versus Scott Gomez in Stars zone.
14:57 of 1st overtime period - John Tavares is hit by Scott Gomez and loses puck.
15:25 of 1st overtime period - Jeff Schultz is hit by Shane Doan and loses puck.
15:56 of 1st overtime period - Slapshot by Kris Versteeg.
15:56 of 1st overtime period - Shot Blocked by Mark Streit.
15:58 of 1st overtime period - Snap shot by Chris Higgins.
15:58 of 1st overtime period - Deflect By Kris Versteeg.
15:58 of 1st overtime period - Stopped by Pascal Leclaire without a rebound.
15:59 of 1st overtime period - Henrik Sedin wins face-off versus Jamie Langenbrunner in Stars zone.
16:14 of 1st overtime period - Slapshot by Henrik Sedin.
16:14 of 1st overtime period - Shot Misses the Net.
17:16 of 1st overtime period - Chris Campoli is hit by John Tavares and loses puck.
19:05 of 1st overtime period - Penalty to Logan Couture is over, Logan Couture is back on ice.
19:11 of 1st overtime period - Kris Versteeg is hit by Alexei Morozov and loses puck.
19:43 of 1st overtime period - Wrist shot by Logan Couture.
19:43 of 1st overtime period - Shot Misses the Net.
19:45 of 1st overtime period - Wrist shot by Daniel Carcillo.
19:45 of 1st overtime period - Shot Misses the Net.
Goals for this period are 0 for Blackhawks vs 0 for Stars.
Shots for this period are 6 for Blackhawks vs 8 for Stars.

Overtime #2


0:01 of 2nd overtime period - Robert Nilsson wins face-off versus Henrik Sedin in neutral zone.
0:08 of 2nd overtime period - Snap shot by Robert Nilsson.
0:08 of 2nd overtime period - Goal by Robert Nilsson - Blackhawks : 6 - Stars : 5.
Goals for this period are 1 for Blackhawks vs 0 for Stars.
Shots for this period are 1 for Blackhawks vs 0 for Stars.


Output by the SimonT Hockey Simulator (STHS) for François Prévost -- Original Page W3C XHTML 1.0 Valid
Hockey Simulator - Hockey Simulation - Hockey Manager